 Seeded DCSS version 0.31-a0-833-gc15d34cb79 (webtiles) character file.

Game seed: 14818683764978705034 (custom seed)

106 Iich the Trooper (level 4, 0/41 HPs)
             Began as a Hill Orc Fighter on Sept 26, 2023.
             Killed from afar by Sigmund (5 damage)
             ... with a magic dart
             ... on level 2 of the Dungeon.
             The game lasted 00:01:58 (1177 turns).

Iich the Trooper (Hill Orc Fighter)                 Turns: 1177, Time: 00:01:58

Health: 0/41       AC:  8    Str: 20    XL:     4   Next: 84%
Magic:  4/4        EV:  9    Int:  8    God:
Gold:   119        SH:  4    Dex: 10    Spells: 3/3 levels left

rFire   . . .        a - +0 war axe
rCold   . . .        c - +0 buckler
rNeg    . . .        b - +0 scale mail
rPois   .            (no helmet)
rElec   .            (no cloak)
rCorr   .            l - +0 pair of gloves
SInv    .            (no boots)
Will    .....        (no amulet) Stlth
                     (no ring)
HPRegen 0.26/turn    (no ring)
MPRegen 0.09/turn

%: no passive effects
@: no status effects
A: no striking features
a: no special abilities


You were on level 2 of the Dungeon.
You visited 1 branch of the dungeon, and saw 2 of its levels.

You collected 119 gold pieces.

Inventory:

Hand Weapons
 a - a +0 war axe (weapon)
Armour
 b - a +0 scale mail (worn)
 c - a +0 buckler (worn)
 l - a +0 pair of gloves (worn)
Scrolls
 f - a scroll of noise {unknown}
 i - a scroll of teleportation {unknown}
 j - a scroll of identify {unknown}
 k - a scroll of vulnerability {unknown}
 n - a scroll of enchant weapon {unknown}
Potions
 d - 2 potions of might
 e - a potion of resistance {unknown}
 g - 2 potions of heal wounds {unknown}
 h - 2 potions of haste {unknown}
 m - a potion of lignification {unknown}


   Skills:
 + Level 4.5 Fighting
 + Level 3.8 Axes
 + Level 4.1 Armour
 + Level 4.1 Shields


You had 3 spell levels left.
You didn't know any spells.
Your spell library was empty.

Dungeon Overview and Level Annotations

Branches:
Dungeon (2/15)

Altars:

Annotations:
D:2 1 runed translucent door, Crazy Yiuf, Sigmund


Message History

You barely miss something.
You hear some strange, mumbled words.
A puff of flame appears from out of thin air!
The puff of flame hits you!
You take 7 damage, and have 30/41 hp.
You miss something. Something hits you.
You take 3 damage, and have 27/41 hp.
You miss something. Something hits you.
You take 1 damage, and have 26/41 hp.
You barely miss something.
You hear some strange, mumbled words.
A magic dart appears from out of thin air!
The magic dart hits you.
Unknown command.
You take 4 damage, and have 22/41 hp.
You completely miss something.
You hear some strange, mumbled words.
A magic dart appears from out of thin air!
The magic dart hits you!
* * * LOW HITPOINT WARNING * * *
Something hits you.
* * * LOW HITPOINT WARNING * * *
You take 14 damage, and have 8/41 hp. !!!!--MASSIVE DAMAGE--!!!!
You barely miss something.
Unknown command.
You closely miss something. Something hits you.
* * * LOW HITPOINT WARNING * * *
You take 1 damage, and have 8/41 hp.
You closely miss something. Something hits you.
* * * LOW HITPOINT WARNING * * *
You take 4 damage, and have 4/41 hp.
You completely miss something.
You hear some strange, mumbled words.
A magic dart appears from out of thin air!
The magic dart hits you.
You die...

# ## ## ### .. .
#. #.< ..# #.#.
#.# .. #.#.
##.##.# #...
#.{...# ##. #.@#
#. #.
##..#####.######
#.
#..............#
##
#...######.....#
# #...# #.....#
## ##.##
##.....## #. #.#
##.......###.
#†#
#....).......
#.#
##.......##..


There were no monsters in sight!

Vanquished Creatures
  Natasha (twice) (D:2)
  An adder (D:2)
  A dart slug (D:2)
  7 ball pythons
  2 endoplasms (D:2)
  3 giant cockroaches (D:1)
  4 goblins
  4 hobgoblins
  6 jackals
  2 kobolds
  A quokka (D:1)
  5 bats
  A frilled lizard (D:1)
  4 rats
43 creatures vanquished.

Notes
Turn   | Place    | Note
-------+----------+-------------------------------------------
     0 | D:1      | Iich the Hill Orc Fighter began the quest for the Orb.
     0 | D:1      | Reached XP level 1. HP: 19/19 MP: 1/1
    87 | D:1      | Reached XP level 2. HP: 27/27 MP: 2/2
   459 | D:1      | Reached XP level 3. HP: 28/33 MP: 3/3
   527 | D:2      | Noticed Natasha
   533 | D:2      | Killed Natasha
   655 | D:2      | Reached XP level 4. HP: 39/40 MP: 4/4
   919 | D:2      | Found a runed translucent door.
   920 | D:2      | Noticed Crazy Yiuf
  1016 | D:2      | Noticed Natasha
  1028 | D:2      | Killed Natasha
  1154 | D:2      | Noticed Sigmund
  1177 | D:2      | Killed from afar by Sigmund

Illustrated notes

Levels and vault maps discovered:
D:1:      minmay_arrival_hallway, layout_rooms, roderic_roman_lattice
D:2:      layout_loops_cross, nicolae_elevator_lobby_plus,
          uniq_crazy_yiuf_cottage, uniq_sigmund, uniq_natasha

Skill      XL: |  1  2  3  4 |
---------------+-------------+-----
Axes           | 3 |  3.8
Fighting       | 4 |  4.5
Armour         | 4 |  4.1
Shields        | 4 |  4.1

Action                     |  1- 3 |  4- 6 || total
---------------------------+-------+-------++-------
  Melee: War axe           |    66 |    83 ||   149
 Armour: Scale mail        |    62 |    65 ||   127
  Dodge: Dodged            |    41 |    32 ||    73
  Block: Buckler           |    24 |    18 ||    42

Table legend: (Time is in decaauts)
 A = Elapsed time spent in this place.
 B = Non-inter-level travel time spent in this place.
 C = Inter-level travel time spent in this place.
 D = Time resting spent in this place.
 E = Time spent auto-exploring this place.
 F = Levels seen in this place.
 G = Mean time per level.
                   A        B        C        D        E       F      G
               +--------+--------+--------+--------+--------+-----+--------+
         Total |   1238 |   1213 |     25 |      0 |    871 |   2 |  619.0 |
       Dungeon |   1238 |   1213 |     25 |      0 |    871 |   2 |  619.0 |
               +--------+--------+--------+--------+--------+-----+--------+

Top non-repeatable levels by time:
     D:2: 696 daAuts
     D:1: 542 daAuts
